[Event "*** SCC Grand Prix: Titled Tuesday Blitz"]
[Site "Chess.com"]
[Date "2020.06.23"]
[Round "3"]
[White "Makswolf200817"]
[Black "bait_or_mate"]
[Result "0-1"]
[WhiteElo "2403"]
[BlackElo "2616"]
[TimeControl "180+1"]
[EndTime "10:28:49 PDT"]
[Termination "bait_or_mate won by resignation"]

1. Nf3 d5 2. e3 Nf6 3. c4 e6 4.
b3 b6 5. cxd5 exd5 6. Bb2 Bb7 7.
d4 Nbd7 8. Nc3 a6 9. g3 Ne4 10.
Bg2 Bd6 11. O-O Qe7 12. Nd2 f5 13. Qc2 O-O 14. Rae1 Rac8 15. f3 Nxc3 16. Bxc3 c5 17. Qb1 Qg5 18. Qb2 Rce8 19. f4 Qh6 20. Nf3 Nf6 21. dxc5 bxc5 22. Be5 Ng4 23. Bxd6 Qxd6 24. Qd2 Qe7 25. Ng5 Nxe3 26. Rf2 d4 27. Bxb7 Qxb7 28. Nf3 Qd5 29. Ne5 Rxe5 30. fxe5 Qxe5 31. Rfe2 f4 32. Rf2 fxg3 33. Rxf8+ Kxf8 34. Qe2 gxh2+ 35. Qxh2 Qxh2+ 36. Kxh2 Ke7 37. Rc1 Kd6 38. Rg1 d3 0-1

[Event "*** SCC Grand Prix: Titled Tuesday Blitz"]
[Site "Chess.com"]
[Date "2020.06.23"]
[Round "3"]
[White "OnePeculiarConundrum"]
[Black "petrkostenko"]
[Result "0-1"]
[WhiteElo "2277"]
[BlackElo "2505"]
[TimeControl "180+1"]
[EndTime "10:28:49 PDT"]
[Termination "petrkostenko won by resignation"]

1. e4 e6 2. d4 d5 3. e5 c5 4. c3 Nc6 5. Nf3 Bd7 6. Be2 Rc8 7. O-O a6 8. a3 cxd4 9. cxd4 Nge7 10. b4 Na7 11. Bb2 Bb5 12. Nc3 Bxe2 13. Qxe2 Nec6 14. b5 axb5 15. Nxb5 Qb6 16. Nxa7 Qxa7 17.
Rfc1 Be7 18. Qb5 O-O 19. a4 Rc7 20. Rab1 Rfc8 21. Ba1 h6 22. h3 Bf8 23. Bb2 Nxd4 24. Nxd4 Rxc1+ 25. Rxc1 Rxc1+ 26. Bxc1 Qxd4 27. Be3 Qa1+ 28. Kh2 Qxe5+ 29. g3 Qc7 30. a5 Bd6 31. Bb6 Qe7 32. Kg2 Kh7 33. Be3 h5 34. Qb1+ g6 35. Qb5 Be5 36. Bc5 Qc7 37. Bb6 Qc8 38. Qb4 Bf6 39.
Qf4 Kg7 40. Qb4 e5 41. Bc5 d4 42. Bd6 Qc6+ 43. Kh2 Qf3 44. Qd2 h4 45. g4 g5 46.
Bc7 e4 47. Bb6 e3 48. fxe3 Qg3+ 49. Kh1 Qxh3+ 50. Kg1 Qxg4+ 51. Kf1 Qf5+ 52. Ke1 dxe3 53. Bxe3 g4 54. Bh6+ Kg6 0-1

[Event "*** SCC Grand Prix: Titled Tuesday Blitz"]
[Site "Chess.com"]
[Date "2020.06.23"]
[Round "3"]
[White "Angry_Twin"]
[Black "m_ezat"]
[Result "1-0"]
[WhiteElo "2798"]
[BlackElo "2549"]
[TimeControl "180+1"]
[EndTime "10:28:50 PDT"]
[Termination "Angry_Twin won by resignation"]

1. d4 Nf6 2. c4 g6 3. Nf3 Bg7 4. g3 O-O 5. Bg2 d6 6. O-O Nc6 7. Nc3 Bg4 8. h3 Bxf3 9. Bxf3 Nd7 10.
e3 e5 11. dxe5 Ndxe5 12. Be2 Qd7 13. Kg2 Na5 14. Qd5 Qc6 15. Qxc6 bxc6 16. Ne4 Nexc4 17.
Rb1 Nb6 18. b3 Rae8 19. Bf3 Nd5 20. Bd2 Nb7 21. Rfc1 Nd8 22. Ba5 Re7 23. Nd2 Nb6 24. Bxc6 Nxc6 25. Rxc6 f5 26. Rbc1 Rff7 27. Bxb6 axb6 28.
Nf3 h6 29. Ne1 Kf8 30. Nd3 Ke8 31. Nf4 g5 32. Nd5 Re5 33. Nxc7+ Kd7 34. Rxb6 Ra5 35.
Nb5 Rxa2 36. Rc7+ Ke6 37. Rxd6+ Ke5 38. Rxf7 1-0

[Event "*** SCC Grand Prix: Titled Tuesday Blitz"]
[Site "Chess.com"]
[Date "2020.06.23"]
[Round "3"]
[White "Semetey"]
[Black "SantoBlue"]
[Result "0-1"]
[WhiteElo "2533"]
[BlackElo "2790"]
[TimeControl "180+1"]
[EndTime "10:28:50 PDT"]
[Termination "SantoBlue won by checkmate"]

1. d4 Nf6 2. Nc3 d6 3. e4 e5 4. Nf3 Nbd7 5. Bc4 Be7 6. O-O O-O 7.
a4 c6 8. Ba2 h6 9. Re1 Re8 10.
h3 exd4 11. Nxd4 Bf8 12. Bf4 Nc5 13. Qf3 Ne6 14. Be3 Ng5 15. Bxg5 hxg5 16. Nf5 g6 17. Ne3 Be6 18. Bc4 Bg7 19. Rad1 Qe7 20. Qg3 Bxc4 21. Nxc4 d5 22. exd5 Qxe1+ 23. Rxe1 Rxe1+ 24. Kh2 cxd5 25. Na5 d4 26. Nb5 Ne4 27. Qf3 Nd2 28. Qxb7 Nf1+ 29. Kg1 Rae8 30. Nd6 Nd2+ 31. Kh2 Be5+ 32. g3 Bxd6 33. Nc6 R8e2 34. Kg2 Rf1 35. h4 g4 36. Nd8 Rexf2# 0-1

[Event "*** SCC Grand Prix: Titled Tuesday Blitz"]
[Site "Chess.com"]
[Date "2020.06.23"]
[Round "3"]
[White "AndreyNeves"]
[Black "Apocalyps999"]
[Result "1-0"]
[WhiteElo "2207"]
[BlackElo "2373"]
[TimeControl "180+1"]
[EndTime "10:28:50 PDT"]
[Termination "AndreyNeves won by checkmate"]

1. d4 d5 2. c4 c6 3. Nf3 Nf6 4. e3 Bf5 5. Nc3 e6 6. Bd3 Bxd3 7. Qxd3 Be7 8. O-O O-O 9. e4 dxe4 10. Nxe4 Nbd7 11. b3 Qa5 12. Bb2 Rad8 13. Nxf6+ Bxf6 14. Qe2 c5 15. dxc5 Bxb2 16. Qxb2 Nxc5 17. Rad1 Nd3 18. Qb1 Nf4 19. Rxd8 Rxd8 20. Rd1 Ne2+ 21. Kf1 Nc3 22. Rxd8+ Qxd8 23. Qc2 Qa5 24. Qd2 f5 25. a3 a6 26.
Ng5 b5 27. b4 Qc7 28. Qxc3 bxc4 29. Nxe6 Qd7 30. Nd4 Qd5 31. f3 f4 32. a4 g5 33. b5 axb5 34. axb5 h5 35. b6 g4 36. b7 Qxb7 37. Qxc4+ Kh7 38. Nb5 gxf3 39. Qd3+ Kh6 40. gxf3 Kg5 41. Nc3 Qb2 42. Ne2 Kh4 43. Qd8+ Kh3 44.
Ng1+ Kxh2 45. Qh4# 1-0

[Event "*** SCC Grand Prix: Titled Tuesday Blitz"]
[Site "Chess.com"]
[Date "2020.06.23"]
[Round "3"]
[White "WiktoriaPOL"]
[Black "GMJustin"]
[Result "1/2-1/2"]
[WhiteElo "1944"]
[BlackElo "2267"]
[TimeControl "180+1"]
[EndTime "10:28:50 PDT"]
[Termination "Game drawn by repetition"]

1. c4 Nf6 2. Nc3 e6 3. e4 d5 4. e5 d4 5. exf6 dxc3 6. bxc3 Qxf6 7. Nf3 b6 8. d4 Bb7 9. Be2 Nd7 10. O-O Bd6 11.
Bg5 Qg6 12. Be3 O-O 13. Rb1 Be4 14. Rc1 h6 15. Qd2 Rad8 16. Rfd1 c5 17. Bd3 Bxd3 18. Qxd3 Qxd3 19. Rxd3 e5 20. dxe5 Nxe5 21. Nxe5 Bxe5 22. Rcd1 Rxd3 23. Rxd3 Re8 24. f4 Bf6 25. Kf2 Kf8 26.
Kf3 g6 27. g3 Bg7 28. a4 Ke7 29. a5 Rd8 30. Rxd8 Kxd8 31. axb6 axb6 32. Bd2 Kd7 33. Ke4 Ke6 34. g4 f5+ 35. gxf5+ gxf5+ 36. Ke3 h5 37. h3 Bf6 38. Be1 Kd7 39. Kd3 Kc6 40. Bf2 Kd6 41. Be1 Kc6 42. Bf2 Kd6 43. Bg3 Kc6 44. Be1 Kd7 45.
Ke3 Kc6 46. Kd3 Kd7 47. Ke3 Kc6 48. Kd3 1/2-1/2

[Event "*** SCC Grand Prix: Titled Tuesday Blitz"]
[Site "Chess.com"]
[Date "2020.06.23"]
[Round "3"]
[White "konradrutkowski"]
[Black "MartinCerveny"]
[Result "0-1"]
[WhiteElo "2417"]
[BlackElo "2667"]
[TimeControl "180+1"]
[EndTime "10:28:51 PDT"]
[Termination "MartinCerveny won on time"]

1. e4 c5 2. Nf3 d6 3. d4 cxd4 4.
Nxd4 Nf6 5. Nc3 a6 6. Qf3 g6 7. h3 Bg7 8. Be3 O-O 9. g4 Nc6 10. O-O-O Nd7 11. Qg2 Qa5 12. Kb1 Nxd4 13. Bxd4 e5 14.
Be3 Qc7 15. Nd5 Qd8 16. h4 h6 17. g5 h5 18. Qg3 b5 19. Bh3 Bb7 20. Bxd7 Qxd7 21. Nf6+ Bxf6 22. gxf6 Qg4 23. Qxg4 hxg4 24.
h5 Bxe4 25. Rh4 Bf5 26. hxg6 fxg6 27. Rdh1 Kf7 28. Bg5 Ke6 29. Rh7 Rae8 30. Ra7 Rxf6 31. Bxf6 Kxf6 32. Kc1 Rc8 33. c3 Rc6 34. Rhh7 d5 35.
Kd2 d4 36. Rhc7 dxc3+ 37. bxc3 Rd6+ 38. Ke2 Kg5 39. Rc5 Kf4 40. Rf7 Ke4 41. Re7 Be6 42.
Rcc7 Bc4+ 0-1

[Event "*** SCC Grand Prix: Titled Tuesday Blitz"]
[Site "Chess.com"]
[Date "2020.06.23"]
[Round "3"]
[White "Dmitry_Konenkin"]
[Black "viktorskliarov"]
[Result "1-0"]
[WhiteElo "2394"]
[BlackElo "2548"]
[TimeControl "180+1"]
[EndTime "10:28:51 PDT"]
[Termination "Dmitry_Konenkin won by resignation"]

1. d4 Nf6 2. Bg5 Ne4 3. Bh4 g5 4. f3 gxh4 5. fxe4 c5 6. e3 Bh6 7. Kf2 Qb6 8. Nc3 Qxb2 9. Nb5 Kd8 10. Rb1 Qxa2 11. Ra1 Qe6 12. Qh5 Nc6 13. Nf3 Qg6 14. Qxh4 cxd4 15. exd4 d6 16. Bd3 Nb4 17. Nxa7 Nxd3+ 18.
cxd3 Ke8 19. Nb5 Rxa1 20. Rxa1 Kf8 21. Ra8 Kg7 22. Qxe7 Bh3 23. Nh4 Be3+ 24. Kxe3 Qh6+ 25. Kf3 Qh5+ 26. Kf2 Rxa8 27. gxh3 Ra2+ 28. Kg3 Qxb5 29. Nf5+ Kg6 30. Qxd6+ f6 31. Nh4+ Kf7 32. Qc7+ Kf8 33.
Qd8+ Kf7 34. Qc7+ Ke8 35. Qc8+ Ke7 36. Nf5+ Kf7 37. Nd6+ Kg6 38. Nxb5 1-0

[Event "*** SCC Grand Prix: Titled Tuesday Blitz"]
[Site "Chess.com"]
[Date "2020.06.23"]
[Round "3"]
[White "H3nriqueTV"]
[Black "XiaoKangZhong"]
[Result "1/2-1/2"]
[WhiteElo "2202"]
[BlackElo "2405"]
[TimeControl "180+1"]
[EndTime "10:28:51 PDT"]
[Termination "Game drawn by repetition"]

1. e4 c6 2. d4 d5 3. Nc3 dxe4 4. Nxe4 Nf6 5. Nxf6+ exf6 6. Nf3 Bd6 7. h3 O-O 8.
Be2 Qc7 9. O-O Nd7 10. c4 c5 11.
Be3 cxd4 12. Nxd4 a6 13. Nf5 Bc5 14. Bf3 Ne5 15. Bxc5 Qxc5 16. Ne3 Nxf3+ 17. Qxf3 Be6 18. Rac1 b5 19. cxb5 Qxb5 20. b3 a5 21. Rc7 a4 22.
Rb7 Qa6 23. Rc1 Rac8 24. Rd1 Rcd8 25. Rc1 Rd2 26. bxa4 Qxa4 27. Rcc7 Qxa2 28. Ra7 Qb1+ 29. Kh2 Qb2 30. Kg1 g6 31. Rab7 Qe5 32. Ng4 Bxg4 33.
hxg4 Rd4 34. Qb3 Qe1+ 35. Kh2 Qxf2 36. Rxf7 Qh4+ 37. Kg1 Qe1+ 38. Kh2 Qh4+ 39. Kg1 Qe1+ 40. Kh2 Qh4+ 1/2-1/2

[Event "*** SCC Grand Prix: Titled Tuesday Blitz"]
[Site "Chess.com"]
[Date "2020.06.23"]
[Round "3"]
[White "ElusiveCat"]
[Black "Resignify"]
[Result "1-0"]
[WhiteElo "2347"]
[BlackElo "2146"]
[TimeControl "180+1"]
[EndTime "10:28:51 PDT"]
[Termination "ElusiveCat won on time"]

1. d4 Nf6 2. c4 g6 3. Nf3 Bg7 4. g3 O-O 5. Bg2 d6 6. O-O Nbd7 7. Nc3 e5 8. e4 c6 9. h3 a6 10. a4 Re8 11. Be3 exd4 12. Nxd4 Nc5 13. Qc2 a5 14. Rad1 Qe7 15. f3 Nfd7 16. Bf2 Na6 17. f4 Nb4 18. Qb1 Nc5 19. Rfe1 Bd7 20. g4 Rad8 21. Nf3 Nb3 22. e5 Be6 23. exd6 Qf8 24. c5 Na6 25. f5 Bc4 26. Ne4 gxf5 27. gxf5 Rxe4 28. Qxe4 Bd5 29. Qg4 Kh8 30. Ng5 Bxg2 31. Qxg2 Bf6 32. Ne4 Bxb2 33. Kh1 Be5 34. Bh4 1-0

[Event "*** SCC Grand Prix: Titled Tuesday Blitz"]
[Site "Chess.com"]
[Date "2020.06.23"]
[Round "3"]
[White "tan275"]
[Black "Mikhail_Golubev"]
[Result "0-1"]
[WhiteElo "2265"]
[BlackElo "2603"]
[TimeControl "180+1"]
[EndTime "10:28:52 PDT"]
[Termination "Mikhail_Golubev won by resignation"]

1. d4 Nf6 2. c4 g6 3. g3 Bg7 4.
Bg2 O-O 5. Nf3 d6 6. Nc3 Nbd7 7. O-O e5 8. h3 Re8 9. e4 exd4 10. Nxd4 Nc5 11.
Re1 a6 12. b4 Ncd7 13. Be3 Ne5 14. Qe2 c5 15. bxc5 dxc5 16. Nb3 Qd3 17. Qxd3 Nxd3 18. Red1 Nb2 19. Rdc1 Nxc4 20. Bxc5 Be6 21. Nd5 Nxd5 22.
exd5 Bd7 23. Bd4 Rac8 24. Bxg7 Kxg7 25. Re1 Nd6 26. Rxe8 Bxe8 27. Re1 Bb5 28. Nd4 Bc4 29. a3 Rc5 30. Re7 Bxd5 31. Rd7 Rc1+ 32. Kh2 Bxg2 33. Kxg2 Nc4 34. Rxb7 Nxa3 35. Ra7 Nb5 36. Ne6+ Kf6 37. Nf4 Nxa7 0-1

[Event "*** SCC Grand Prix: Titled Tuesday Blitz"]
[Site "Chess.com"]
[Date "2020.06.23"]
[Round "3"]
[White "Batsai"]
[Black "vinniethepooh"]
[Result "0-1"]
[WhiteElo "2368"]
[BlackElo "2559"]
[TimeControl "180+1"]
[EndTime "10:28:52 PDT"]
[Termination "vinniethepooh won on time"]

1. e4 c5 2. Nf3 d6 3. d4 cxd4 4. Nxd4 Nf6 5. Nc3 a6 6. Be2 e5 7. Nb3 Be7 8. Bg5 Be6 9. Bxf6 Bxf6 10. Qd3 O-O 11. O-O-O Qb6 12. Rhf1 Nc6 13. Qxd6 Rfd8 14. Qc5 Qxc5 15. Nxc5 Nd4 16. Nxe6 fxe6 17. Bg4 Kf7 18. Ne2 Nb5 19. c3 Nd6 20. Ng3 Rac8 21. Kb1 b5 22.
Bh5+ g6 23. Be2 h5 24. f3 Bg5 25. Nh1 Ke7 26. Nf2 Be3 27. Nd3 Nc4 28. Kc2 Bg5 29.
g3 Ne3+ 30. Kb3 Bf6 31. Nb4 Nxf1 32. Rxf1 Rd2 0-1

[Event "*** SCC Grand Prix: Titled Tuesday Blitz"]
[Site "Chess.com"]
[Date "2020.06.23"]
[Round "3"]
[White "KejJaj"]
[Black "Playgood28"]
[Result "1-0"]
[WhiteElo "2010"]
[BlackElo "2264"]
[TimeControl "180+1"]
[EndTime "10:28:52 PDT"]
[Termination "KejJaj won by resignation"]

1. d4 f5 2. e4 fxe4 3. Nc3 Nf6 4. Bg5 Nc6 5. d5 Ne5 6. Qe2 Nf7 7. Nh3 d6 8. Bh4 Bf5 9. O-O-O a6 10. f3 exf3 11. Qxf3 Bg4 12. Qe3 Bxd1 13. Bxf6 gxf6 14. Nxd1 Bh6 15.
Nf4 Qd7 16. g3 O-O 17. h4 Ne5 18. Bh3 Ng4 19. Qe2 f5 20. Kb1 Bxf4 21. gxf4 Rae8 22.
h5 e5 23. Rg1 exf4 24. Qf3 Kh8 25. Bxg4 fxg4 26. Rxg4 Qf7 27. Qc3+ Re5 28. Nf2 Rg8 29. a3 Qxd5 30. Rxg8+ Kxg8 31. Ng4 f3 32. Nxe5 dxe5 33.
Qe3 e4 34. h6 Qf5 35. Qb3+ Kf8 36. Qb4+ c5 37. Qxb7 f2 38. Qc8+ Ke7 39. Qxf5 1-0

[Event "*** SCC Grand Prix: Titled Tuesday Blitz"]
[Site "Chess.com"]
[Date "2020.06.23"]
[Round "3"]
[White "rpragchess"]
[Black "Shuvalov"]
[Result "1-0"]
[WhiteElo "2789"]
[BlackElo "2451"]
[TimeControl "180+1"]
[EndTime "10:28:53 PDT"]
[Termination "rpragchess won by resignation"]

1. Nf3 d5 2. g3 Nf6 3. Bg2 Bf5 4. O-O e6 5. d3 h6 6. c4 c6 7. cxd5 cxd5 8. Qb3 Qb6 9. Be3 Qxb3 10. axb3 Nc6 11.
Nc3 Bd6 12. Nd4 Nxd4 13. Bxd4 Bg6 14. e4 dxe4 15. dxe4 e5 16. Bxa7 Ke7 17. Be3 Bb4 18. f3 Rhc8 19. Bh3 Rd8 20. Rxa8 Rxa8 21. Rd1 Ra5 22. Kf1 Bc5 23. Ke2 Bxe3 24. Kxe3 Ra8 25. b4 Rd8 26. Ra1 Kd6 27. Rd1+ Kc7 28. Nb5+ Kb6 29.
Rxd8 Kxb5 30. Rb8 b6 31. Bf1+ Kc6 32. b5+ Kc7 33. Ra8 Kd6 34. Bh3 Bh7 35. Rc8 Bg6 36.
Rc6+ Ke7 37. Rxb6 Ne8 38. Rb7+ Kf8 39. b6 Nd6 40. Rb8+ Ke7 41. b7 Kf6 42. Bc8 Bh5 43. Ra8 Nxb7 44. Bxb7 Kg6 45. Bd5 Kh7 46. b4 Bg6 47. b5 1-0

[Event "*** SCC Grand Prix: Titled Tuesday Blitz"]
[Site "Chess.com"]
[Date "2020.06.23"]
[Round "3"]
[White "hectorfiori"]
[Black "mr65"]
[Result "1-0"]
[WhiteElo "2325"]
[BlackElo "2091"]
[TimeControl "180+1"]
[EndTime "10:28:53 PDT"]
[Termination "hectorfiori won on time"]

1. e4 e5 2. Nf3 Nc6 3. d4 exd4 4.
Nxd4 Bb4+ 5. c3 Bc5 6. Be3 Bb6 7.
Qg4 g6 8. Qf3 Nge7 9. Nd2 O-O 10. h4 f5 11. Bc4+ d5 12. exd5 Ne5 13. Qe2 Nxc4 14. Qxc4 Qxd5 15. Bh6 Qxc4 16. Nxc4 Re8 17. O-O-O Nc6 18. Nb5 Bxf2 19. Nxc7 Be6 20. Nxa8 Bxc4 21. Nc7 Rc8 22. Rd7 Bg3 23. Rg7+ Kh8 24. b3 Bf4+ 25. Bxf4 Kxg7 26. bxc4 Na5 27. c5 Nc4 28. Rd1 h6 29. Rd7+ Kf6 30. Rd4 Ne5 31. Rd5 Nf7 32.
Nb5 1-0

[Event "*** SCC Grand Prix: Titled Tuesday Blitz"]
[Site "Chess.com"]
[Date "2020.06.23"]
[Round "3"]
[White "vpsetter"]
[Black "aa175"]
[Result "1-0"]
[WhiteElo "2611"]
[BlackElo "2401"]
[TimeControl "180+1"]
[EndTime "10:28:54 PDT"]
[Termination "vpsetter won by resignation"]

1. e4 c5 2. Nf3 d6 3. d4 cxd4 4. Nxd4 Nf6 5. Nc3 a6 6. Be2 e6 7. O-O b5 8. Bf3 Ra7 9. a4 b4 10. Na2 Bb7 11. Be3 Ra8 12. e5 Bxf3 13. Qxf3 Nd5 14.
exd6 Bxd6 15. c4 Nxe3 16. fxe3 Ra7 17. Rad1 Qc7 18. Qg4 O-O 19. Nxe6 fxe6 20. Qxe6+ Kh8 21. Rxd6 Nd7 22. Nxb4 Nf6 23. Nd5 Qxc4 24. Nxf6 Qxe6 25. Rxe6 gxf6 26. Rexf6 Rb8 27. Rf8+ Rxf8 28. Rxf8+ Kg7 29. Rb8 a5 30. Kf2 Rf7+ 31. Ke2 Rc7 32. Kd3 Rd7+ 33. Ke2 Rc7 34. Rb5 Rc2+ 35. Kf3 Rxg2 36. Kxg2 1-0

[Event "*** SCC Grand Prix: Titled Tuesday Blitz"]
[Site "Chess.com"]
[Date "2020.06.23"]
[Round "3"]
[White "Superfelix"]
[Black "MVM2008"]
[Result "1-0"]
[WhiteElo "2472"]
[BlackElo "1978"]
[TimeControl "180+1"]
[EndTime "10:28:55 PDT"]
[Termination "Superfelix won by resignation"]

1. e4 e5 2. Nf3 Nc6 3. d4 exd4 4. Nxd4 Bc5 5. Nf5 g6 6. Ne3 Nf6 7. Nc3 d6 8. Bd3 Ne5 9. O-O h5 10. Kh1 Nfg4 11. Ncd5 Nxh2 12. Kxh2 Qh4+ 13. Kg1 Ng4 14.
Re1 Qxf2+ 15. Kh1 Qg3 16. Kg1 Qh2+ 17. Kf1 Nxe3+ 18. Bxe3 Qh1+ 19. Kf2 Qh4+ 20. Kg1 Bxe3+ 21. Rxe3 Bg4 22. Qf1 O-O-O 23. Qxf7 Rd7 24. Qf6 Qxf6 25. Nxf6 Rf7 26. Nxg4 hxg4 27. Rf1 Rfh7 28. Kf2 Rf8+ 29. Kg3 Rxf1 30. Bxf1 Rh1 31. Be2 Rb1 32. Rb3 Rc1 33.
Bxg4+ Kd8 34. Rxb7 Rxc2 35. Rxa7 Rxb2 36. a4 Ra2 37. a5 Ke7 38. a6 Kf6 39. Ra8 Kg5 40. a7 c5 41. Be6 Ra3+ 42. Kh2 Ra6 43. Bd5 Ra5 44. Kg3 Ra3+ 45. Kf2 Ra5 46. Ke3 Ra3+ 47.
Kd2 Ra5 48. Kc3 Ra4 49. Kb3 Ra6 50. Kc4 Ra5 51. Bc6 Kg4 52. Kd5 Kg3 53. Kxd6 c4 54. Bd5 c3 55. Rc8 Rxa7 56. Rxc3+ Kxg2 57. e5+ Kf2 58. e6 g5 59. e7 1-0

[Event "*** SCC Grand Prix: Titled Tuesday Blitz"]
[Site "Chess.com"]
[Date "2020.06.23"]
[Round "3"]
[White "Squirlolz"]
[Black "leoduarte"]
[Result "1-0"]
[WhiteElo "2504"]
[BlackElo "2277"]
[TimeControl "180+1"]
[EndTime "10:28:56 PDT"]
[Termination "Squirlolz won by resignation"]

1. b3 d6 2. Bb2 e5 3. e3 g6 4. f4 Bg7 5. Nf3 Nc6 6. Bb5 f6 7. O-O Ne7 8. Nc3 a6 9. Be2 O-O 10.
Qe1 Be6 11. Rd1 d5 12. fxe5 Nxe5 13. h3 Nxf3+ 14. Bxf3 f5 15. Qg3 c6 16. Na4 Bxb2 17. Nxb2 Qd7 18. Nd3 Nc8 19. Ne5 Qg7 20. c4 Ne7 21. d4 dxc4 22. bxc4 Rad8 23. Rb1 Bc8 24.
Be2 Kh8 25. c5 Nd5 26. Bc4 Nc3 27. Rb2 Ne4 28. Qh4 g5 29. Qh5 Nf6 30. Nf7+ Kg8 31. Nxd8+ Kh8 32. Nf7+ Kg8 33. Nxg5+ Kh8 34. Nf7+ Kg8 35.
Ne5+ Kh8 36. Qh4 Ne4 37. Nf7+ Rxf7 38. Bxf7 1-0

[Event "*** SCC Grand Prix: Titled Tuesday Blitz"]
[Site "Chess.com"]
[Date "2020.06.23"]
[Round "3"]
[White "DraG0s3L"]
[Black "XxPetroffsxX"]
[Result "1-0"]
[WhiteElo "2470"]
[BlackElo "1917"]
[TimeControl "180+1"]
[EndTime "10:28:57 PDT"]
[Termination "DraG0s3L won on time"]

1. Nf3 c5 2. c3 Nf6 3. d4 e6 4. g3 b6 5. Bg2 Bb7 6. O-O Be7 7. Bg5 O-O 8. Nbd2 Nc6 9. dxc5 bxc5 10. e4 Qc7 11. h3 d5 12. exd5 Nxd5 13. Bxe7 Ndxe7 14. Ne4 Rfd8 15. Qe2 Qb6 16. Rfd1 Ba6 17. Qc2 Rab8 18. b3 h6 19. Nd6 Qc7 20. Ne4 Qb6 21. Rxd8+ Rxd8 22. Rd1 c4 23. b4 Ng6 24. Nc5 Bc8 25. Rxd8+ Nxd8 26. Nd4 a5 27. a3 axb4 28. axb4 e5 29. Nf5 Ne6 30. Qa4 Nxc5 31. Qe8+ Kh7 32. Qxc8 Nd3 33. Ne3 Qf6 34. Qf5 Qa6 35. h4 Qa1+ 36.
Kh2 Kg8 37. Qc8+ Kh7 38. Qxc4 Nxf2 39. Qxf7 1-0

[Event "*** SCC Grand Prix: Titled Tuesday Blitz"]
[Site "Chess.com"]
[Date "2020.06.23"]
[Round "3"]
[White "gumimis"]
[Black "AsaHoffmann"]
[Result "1-0"]
[WhiteElo "2148"]
[BlackElo "2328"]
[TimeControl "180+1"]
[EndTime "10:28:57 PDT"]
[Termination "gumimis won by resignation"]

1. e4 d6 2. d4 Nf6 3. Nc3 c6 4. f4 Qa5 5. e5 Nd5 6. Nf3 Bg4 7.
Bd2 e6 8. Bd3 Qc7 9. Ne4 Nd7 10.
exd6 Bxd6 11. Nxd6+ Qxd6 12. h3 Bxf3 13. Qxf3 N7f6 14. O-O-O O-O-O 15. a3 g6 16. c4 Nc7 17. Bc3 Nd7 18. d5 cxd5 19. Bxh8 Rxh8 20. cxd5 Nxd5 21. Be4 N7b6 22. g3 Rd8 23. Kb1 Kb8 24. Ka1 f5 25. Bb1 Nc4 26. Rhe1 Qb6 27. Qe2 Rc8 28. Ba2 Nce3 29.
Rc1 Re8 30. Bxd5 Nxd5 31. Qe5+ Ka8 32. Rc2 a6 33. Rec1 Ka7 34. Ka2 Qa5 35. Qd4+ Nb6 36. Rc5 Qa4 37. Qxa4 Nxa4 38. Rc8 Re7 39. R1c7 Rxc7 40.
Rxc7 Nb6 41. Rxh7 Nd5 42. Rg7 g5 43. Rxg5 Ne3 44. Rg6 e5 45. fxe5 1-0

[Event "*** SCC Grand Prix: Titled Tuesday Blitz"]
[Site "Chess.com"]
[Date "2020.06.23"]
[Round "3"]
[White "Igor_Lysyj"]
[Black "nikitakhoroshev"]
[Result "1-0"]
[WhiteElo "2755"]
[BlackElo "2478"]
[TimeControl "180+1"]
[EndTime "10:28:58 PDT"]
[Termination "Igor_Lysyj won by checkmate"]

1. d4 Nf6 2. c4 g6 3. Nc3 Bg7 4.
e4 d6 5. Be2 O-O 6. Nf3 e5 7.
O-O Na6 8. Be3 exd4 9. Nxd4 Re8 10. f3 Nc5 11. Qd2 a5 12. Rfe1 Bd7 13. Rad1 Qe7 14. Bf1 h5 15. Ndb5 Bc6 16. Bf2 b6 17. Nd5 Bxd5 18.
cxd5 Nh7 19. Nd4 Qf6 20. Bb5 Rf8 21. b3 Qe5 22. f4 Qf6 23. Nf3 Bh6 24. g3 Rad8 25. Bd4 Qe7 26. Qc2 Bg7 27. a3 Bxd4+ 28. Nxd4 Rc8 29. b4 axb4 30. axb4 Nd7 31. Ra1 g5 32.
Nf5 Qd8 33. Qc3 Ndf6 34. Rf1 Ra8 35. Rae1 Ra2 36. Bc4 Ra4 37. Bb3 Ra3 38. Qb2 Ra8 39.
fxg5 Nxg5 40. Nh6+ Kg7 41. Rf5 Nh7 42. Rxh5 Kg6 43.
Rh4 Re8 44. Nf5 Re5 45. Rh6+ Kg5 46. Qd2+ Kg4 47. Bd1# 1-0

[Event "*** SCC Grand Prix: Titled Tuesday Blitz"]
[Site "Chess.com"]
[Date "2020.06.23"]
[Round "3"]
[White "RusPakhom"]
[Black "letsgoband"]
[Result "0-1"]
[WhiteElo "2365"]
[BlackElo "2556"]
[TimeControl "180+1"]
[EndTime "10:28:58 PDT"]
[Termination "letsgoband won by resignation"]

1. e4 e5 2. Nf3 Nc6 3. Bc4 Nf6 4. Ng5 d5 5. exd5 Na5 6. Bb5+ c6 7. dxc6 bxc6 8. Qf3 Rb8 9. Bd3 h6 10. Ne4 Nxe4 11.
Bxe4 Qc7 12. d3 Bd6 13. Nc3 f5 14. Qh5+ Qf7 15. Qxf7+ Kxf7 16. Bf3 Be6 17. a3 c5 18. O-O Rhc8 19. b3 Nc6 20. Bxc6 Rxc6 21. Re1 Re8 22. Bb2 Bb8 23. Nd1 Bd7 24. Ne3 g6 25. Nc4 Rce6 26.
a4 Bc6 27. f3 e4 28. fxe4 fxe4 29. Rf1+ Kg8 30. dxe4 Bxe4 31. Rad1 Bxc2 32. Rd7 R6e7 33.
Rxe7 Rxe7 34. Bf6 Rf7 35. Ne5 Rxf6 36. Rxf6 Bxe5 37. Rxg6+ Bxg6 0-1

[Event "*** SCC Grand Prix: Titled Tuesday Blitz"]
[Site "Chess.com"]
[Date "2020.06.23"]
[Round "3"]
[White "Rakhmanov_Aleksandr"]
[Black "Kavyev_Ruslan"]
[Result "0-1"]
[WhiteElo "2777"]
[BlackElo "2554"]
[TimeControl "180+1"]
[EndTime "10:28:59 PDT"]
[Termination "Kavyev_Ruslan won on time"]

1. Nf3 Nf6 2. g3 g6 3. Bg2 Bg7 4. O-O O-O 5. d4 d5 6. c4 c6 7. Qa4 Nfd7 8. cxd5 Nb6 9. Qb3 cxd5 10. Nc3 Nc6 11. Bf4 Bg4 12. e3 Bxf3 13. Bxf3 e6 14. Nb5 Qd7 15. Be2 Na5 16. Qb4 Nbc4 17. b3 Nc6 18. Qa4 Nb6 19. Qa3 Rfc8 20. Rac1 Bf8 21.
Qb2 a6 22. Nc3 h6 23. h4 Qd8 24. e4 Nxd4 25. Rfd1 Bg7 26. e5 Nxe2+ 27. Qxe2 Qe7 28. h5 g5 29. Be3 Nd7 30. Bd4 Rc6 31. f4 Rac8 32.
Kg2 b5 33. Qd2 gxf4 34. gxf4 Qh4 35. Ne2 Qxh5 36. Rxc6 Rxc6 37. Ng3 Qg6 38. Rc1 Rxc1 39. Qxc1 Qd3 40. Qc8+ Nf8 41. Bc5 Qd2+ 42. Kf3 d4 43.
f5 Qe3+ 44. Kg4 Qxe5 45. Bxf8 Bxf8 46. fxe6 Qxe6+ 47. Qxe6 fxe6 48. Kf4 Bd6+ 0-1

[Event "*** SCC Grand Prix: Titled Tuesday Blitz"]
[Site "Chess.com"]
[Date "2020.06.23"]
[Round "3"]
[White "Mbneu"]
[Black "fischercapa"]
[Result "0-1"]
[WhiteElo "2198"]
[BlackElo "2440"]
[TimeControl "180+1"]
[EndTime "10:28:59 PDT"]
[Termination "fischercapa won on time"]

1. d4 d5 2. c4 c6 3. Nc3 Nf6 4.
Nf3 dxc4 5. e4 b5 6. Be2 e6 7.
O-O Bb4 8. e5 Nd5 9. Ne4 Be7 10.
Bg5 O-O 11. Bxe7 Qxe7 12. b3 c3 13. Qc2 Bb7 14. Nxc3 Nb4 15. Qb1 Nd7 16. Ne4 a6 17. Nfg5 g6 18. h4 c5 19. dxc5 Nxc5 20. Nf6+ Kg7 21.
Bf3 h6 22. Bxb7 Qxb7 23. Nge4 Nxe4 24. Nxe4 Qd5 25. f4 Rac8 26. Rf2 Nd3 27. Re2 Qd4+ 28. Kh2 Rc1 29. Qxc1 Nxc1 30. Rxc1 Rd8 31. g3 Rd5 32.
Nf6 Rc5 33. Rxc5 Qxc5 34. Rd2 g5 35. Rd8 Kg6 36. hxg5 Qf2+ 37. Kh3 Kf5 0-1

[Event "*** SCC Grand Prix: Titled Tuesday Blitz"]
[Site "Chess.com"]
[Date "2020.06.23"]
[Round "3"]
[White "mjray79"]
[Black "akashcheck"]
[Result "1-0"]
[WhiteElo "2253"]
[BlackElo "2219"]
[TimeControl "180+1"]
[EndTime "10:28:59 PDT"]
[Termination "mjray79 won by resignation"]

1. d4 d5 2. c4 c6 3. Nf3 Nf6 4. Nc3 dxc4 5. a4 Bf5 6. Ne5 Nbd7 7. Nxc4 Qc7 8. g3 e5 9. dxe5 Nxe5 10. Bf4 Nfd7 11.
Bg2 f6 12. O-O Rd8 13. e4 Be6 14. Ne3 Nc5 15. Qe2 Be7 16. Rac1 Ncd3 17. Bxe5 Nxe5 18. Ncd5 Qb8 19. Nxe7 Kxe7 20. Nf5+ Kf7 21. Rfd1 Rxd1+ 22. Rxd1 Rd8 23. f4 Ng6 24. Nd4 Ne7 25. Nxe6 Rxd1+ 26. Qxd1 Kxe6 27. Qb3+ Kd7 28. Bh3+ Ke8 29. Qd3 Qc7 30. Be6 Kf8 31. e5 fxe5 32. Qxh7 Nd5 33. Qg8+ Ke7 34. Bxd5 cxd5 35. Qxg7+ Kd6 36. Qxe5+ Kc6 37. Qxc7+ Kxc7 38. h4 Kd6 39. h5 d4 40. Kf2 Ke6 41. Ke2 1-0